Get step-by-step instructions on how to execute this build order below. Start the game timer, and the build order will tick by so you can play in parallel with StarCraft on a second screen or mobile device.

Game Time

  0:00

Last Step

  N/A

Next Step

Upcoming Step



Don't want to look back and forth between 2 screens? Try out our Overwolf App, the Spawning Tool Build Advisor to get an in-game overlay with this build!

Complete Build Order

  12  0:02  Drone  
  13  0:14  Overlord  
  13  0:22  Drone  
  14  0:33  Drone x2  
  16  0:45  Drone  
  17  0:55  Hatchery  
  16  0:59  Drone  
  17  1:13  Spawning Pool  
  17  1:15  Drone  
  17  1:37  Extractor  
  16  1:40  Drone x2  
  16  1:41  Drone  
  19  2:05  Overlord  
  19  2:09  Queen  
  19  2:10  Queen  
  19  2:12  Drone x2  
  19  2:15  Zergling x2  
  26  2:21  Drone  
  27  2:40  Metabolic Boost  
  27  2:42  Zergling x8  
  31  2:50  Overlord  
  31  3:05  Zergling x6  
  34  3:13  Zergling x2, Drone  
  36  3:20  Zergling x10  
  36  3:21  Zergling x4  
  43  3:30  Overlord  
  41  3:45  Zergling x6  
  44  3:52  Zergling x8  
  42  4:18  Zergling x2  
  42  4:19  Zergling x10